 Dungeon Crawl Stone Soup version 0.31-a0-278-g485e682e34 (webtiles) character file.

Game seed: 2061528616096571535

53 IndexError the Changeling (level 3, -1/33 HPs)
             Began as a Troll Shapeshifter on July 16, 2023.
             Slain by a gnoll
             ... wielding a +0 spear
              (3 damage)
             ... on level 2 of the Dungeon.
             The game lasted 00:01:35 (1106 turns).

IndexError the Changeling (Troll Shapeshifter)      Turns: 1106, Time: 00:01:36

Health: -1/33      AC:  7    Str: 23    XL:     3   Next: 62%
Magic:  2/2        EV:  9    Int:  6    God:
Gold:   72         SH:  0    Dex: 10    Spells: 2/2 levels left

rFire   . .          .
                       - Unarmed
rCold   . . .        (no shield)
rNeg    . . .        k - +0 steam dragon scales
rPois   .            (helmet currently unavailable)
rElec   .            (cloak currently unavailable)
rCorr   .            (gloves unavailable)
SInv    .            (boots unavailable)
Will    .....        (no amulet)
Stlth   +            (no ring)
HPRegen 1.05/turn    (no ring)
MPRegen 0.08/turn

%: no passive effects
@: beast-form
A: beast (slay +2), large, unfitting armour, claws 3, regeneration 1, shaggy fur
1, tough skin 1
a: Begin Untransformation


You were on level 2 of the Dungeon.
You were a hulking beast.
You visited 1 branch of the dungeon, and saw 2 of its levels.

You collected 72 gold pieces.

Inventory:

Hand Weapons
 a - a +0 dagger
   (You took it off a kobold on level 1 of the Dungeon)
 d - a +0 club
   (You took it off a goblin on level 1 of the Dungeon)
 f - a +0 short sword
   (You took it off a kobold on level 1 of the Dungeon)
 g - a +0 club
   (You took it off a goblin on level 1 of the Dungeon)
 j - a +0 short sword
   (You took it off a kobold on level 1 of the Dungeon)
 l - a +0 mace
   (You found it on level 1 of the Dungeon)
 m - a +0 sling
   (You found it on level 1 of the Dungeon)
 o - a +0 club
   (You took it off a goblin on level 2 of the Dungeon)
 q - a +0 mace
   (You found it on level 2 of the Dungeon)
 s - a +0 sling
   (You found it on level 2 of the Dungeon)
 v - a +0 club
   (You took it off a goblin on level 2 of the Dungeon)
Armour
 k - +0 steam dragon scales (worn)
   (You found it on level 1 of the Dungeon)
Magical Staves
 p - a staff of conjuration {!a}
   (You found it on level 2 of the Dungeon)
Talismans
 c - a beast talisman
Scrolls
 e - a scroll of revelation {unknown}
 h - a scroll of enchant armour {unknown}
 t - 2 scrolls of noise {unknown}
 u - a scroll of immolation {unknown}
Potions
 b - a potion of lignification {!q}
 i - a potion of ambrosia {unknown}
 n - a potion of heal wounds {unknown}
 r - a potion of curing {unknown}


   Skills:
 - Level 1.5 Fighting
 - Level 1.5 Dodging
 + Level 3.1 Unarmed Combat
 + Level 3.6 Shapeshifting


You had 2 spell levels left.
You didn't know any spells.
Your spell library contained the following spells:

 Spells                   Type           Power      Damage    Failure   Level
 Magic Dart               Conj           0%         1d3       45%         1
 Sting                    Tmut/Pois      0%         1d3       45%         1
 Call Imp                 Summ           0%         N/A       58%         2
 Poisonous Vapours        Pois/Air       0%         N/A       58%         2
 Wereblood                Tmut           0%         N/A       58%         2
 Mephitic Cloud           Conj/Pois/Air  0%         N/A       83%         3
 Olgreb's Toxic Radiance  Pois           0%         N/A       99%         4
 Irradiate                Conj/Tmut      0%         3d11      100%        5


Dungeon Overview and Level Annotations

Branches:
Dungeon (2/15)

Altars:
Sif Muna


Innate Abilities, Weirdness & Mutations

You are a hulking beast.
Your limbs bulge with bestial killing power. (Slay +2)
You are too large for most types of armour.
You have claws for hands.
Your natural rate of healing is unusually fast.
You are covered in fur. (AC +1)
You have tough skin. (AC +1)


Message History

You have reached level 3!
Your experience leads to an increase in your attributes!
Increase (s)trength, (i)ntelligence, or (d)exterity?
You feel clever. x2; You feel stronger.
Health restored: 33; MP restored: 2 You now have 62 gold pieces (gained 14).
You see here a giant cockroach corpse.
You see here a hobgoblin corpse.
You see here a giant cockroach corpse.
s - a +0 sling
Found a shimmering blue altar of Sif Muna.
t - a scroll labelled ABROEJ HUABB
t - 2 scrolls labelled ABROEJ HUABB (gained 1)
A ball python comes into view.
The ball python hisses angrily.
You claw the ball python!
No target in view!
No target in view!
You see here a ball python corpse.
u - a scroll labelled OSHIUN XUZ QEDY An endoplasm comes into view.
The endoplasm quivers.
An endoplasm is nearby!
The endoplasm hits you.
You take 1 damage, and have 32/33 hp.
You scratch the endoplasm. The endoplasm barely misses you.
Health restored: 33 You claw the endoplasm!
No target in view!
You pick up a book of Minor Magic and begin reading...
You add the spells Magic Dart, Call Imp and Mephitic Cloud to your library.
A goblin comes into view. It is wielding a +0 club.
A goblin is nearby!
The goblin closely misses you.
You closely miss the goblin. The goblin hits you with a +0 club.
You take 2 damage, and have 31/33 hp.
You claw the goblin!
HP restored.
v - a +0 club You see here a goblin corpse.
You now have 72 gold pieces (gained 10).
You open the door.
There is an open door here.
You open the door.
There is an open door here.
Found a pair of glowing gloves.
Health restored: 33 No target in view!
A gnoll comes into view. It is wielding a +0 halberd.
The gnoll shouts!
The gnoll moves out of view. 2 gnolls come into view.
The gnoll shouts!
A gnoll comes into view. It is wielding a +0 flail.
The gnoll moves out of view.
You see here a +2 pair of gloves.
The gnoll closely misses you.
The gnoll shouts!
You claw the gnoll! The gnoll hits you with a +0 spear.
You take 2 damage, and have 31/33 hp.
You claw the gnoll!
Your Unarmed Combat skill increases to level 3!
You barely miss the gnoll.
The gnoll hits you from afar with a +0 spear.
The gnoll hits you but does no damage.
You take 2 damage, and have 30/33 hp.
You barely miss the gnoll. The gnoll barely misses you.
The gnoll hits you from afar with a +0 spear.
You take 2 damage, and have 28/33 hp.
You claw the gnoll!
The gnoll hits you from afar with a +0 spear.
You take 1 damage, and have 27/33 hp.
The gnoll closely misses you. The gnoll hits you but does no damage.
Things that are here:
a +0 flail; a +0 spear You closely miss the gnoll.
The gnoll hits you with a +0 spear! The gnoll closely misses you.
You take 7 damage, and have 21/33 hp.
MASSIVE DAMAGE!!
You closely miss the gnoll.
The gnoll hits you from afar with a +0 halberd.
The gnoll hits you with a +0 spear.
You take 5 damage, and have 16/33 hp.
You are too injured to fight recklessly!
You are too injured to fight recklessly!
You are too injured to fight recklessly!
You are too injured to fight recklessly!
You scratch the gnoll but do no damage. The gnoll barely misses you.
The gnoll hits you from afar with a +0 halberd!
* * * LOW HITPOINT WARNING * * *
You take 9 damage, and have 7/33 hp.
MASSIVE DAMAGE!!
You closely miss the gnoll. The gnoll completely misses you.
The gnoll hits you with a +0 spear.
* * * LOW HITPOINT WARNING * * *
You take 4 damage, and have 3/33 hp.
You closely miss the gnoll. The gnoll misses you.
The gnoll hits you with a +0 spear.
* * * LOW HITPOINT WARNING * * *
You take 2 damage, and have 1/33 hp.
You barely miss the gnoll. The gnoll hits you with a +0 spear.
You die...

.#.##.####.#
#.#...###.#
#......##.#########
...#...###.........#
#####.## #########.#
#.# ##.## #.# ##[..#
##'## ##.###.#
##...## #.h# .#
##.....## #.g# #
##.......## #.#g
#.........# .. ##
'.........+ ...
#.........# ##..
##...<...## ##.
##.....## #. ##...##


You could see 2 gnolls.

Vanquished Creatures
  2 gnolls (D:2)
  A dart slug (D:1)
  3 ball pythons
  4 endoplasms
  A giant cockroach (D:2)
  5 goblins
  3 hobgoblins
  A bat (D:1)
  3 frilled lizards (D:1)
  4 kobolds (D:1)
  3 rats
30 creatures vanquished.

Notes
Turn   | Place    | Note
-------+----------+-------------------------------------------
     0 | D:1      | IndexError the Troll Shapeshifter began the quest for the
                  | Orb.
     0 | D:1      | Reached XP level 1. HP: 19/19 MP: 0/0
   206 | D:1      | Reached XP level 2. HP: 27/27 MP: 1/1
   902 | D:2      | Reached XP level 3. HP: 33/33 MP: 2/2
   924 | D:2      | Found a shimmering blue altar of Sif Muna.
  1097 | D:2      | Reached skill level 3 in Unarmed Combat
  1103 | D:2      | HP: 7/33 [gnoll/+0 halberd (10)]
  1104 | D:2      | HP: 3/33 [gnoll/+0 spear (5)]
  1105 | D:2      | HP: 1/33 [gnoll/+0 spear (3)]
  1106 | D:2      | Slain by a gnoll

Illustrated notes

Levels and vault maps discovered:
D:1:      roderic_crossed_star, layout_basic
D:2:      layout_loops_corners, basic_altar

Skill      XL: |  1  2  3 |
---------------+----------+-----
Unarmed Combat | 3 |  3.1
Fighting       | |  1.5
Dodging        | |  1.5
Shapeshifting  | |  3.6

Action                     || total
---------------------------++-------
  Melee: Unarmed           ||    59
 Armour: Animal skin       ||     4
         Steam dragon scal ||    10
  Dodge: Dodged            ||    22

Table legend: (Time is in decaauts)
 A = Elapsed time spent in this place.
 B = Non-inter-level travel time spent in this place.
 C = Inter-level travel time spent in this place.
 D = Time resting spent in this place.
 E = Time spent auto-exploring this place.
 F = Levels seen in this place.
 G = Mean time per level.
                   A        B        C        D        E       F      G
               +--------+--------+--------+--------+--------+-----+--------+
         Total |   1103 |   1014 |     89 |      0 |    840 |   2 |  551.5 |
       Dungeon |   1103 |   1014 |     89 |      0 |    840 |   2 |  551.5 |
               +--------+--------+--------+--------+--------+-----+--------+

Top non-repeatable levels by time:
     D:1: 796 daAuts
     D:2: 306 daAuts

Levels and vault maps discovered:
D:1:      roderic_crossed_star, layout_basic
D:2:      layout_loops_corners, basic_altar

Table legend: (Time is in decaauts)
 A = Elapsed time spent in this place.
 B = Non-inter-level travel time spent in this place.
 C = Inter-level travel time spent in this place.
 D = Time resting spent in this place.
 E = Time spent auto-exploring this place.
 F = Levels seen in this place.
 G = Mean time per level.
                   A        B        C        D        E       F      G
               +--------+--------+--------+--------+--------+-----+--------+
         Total |   1103 |   1014 |     89 |      0 |    840 |   2 |  551.5 |
       Dungeon |   1103 |   1014 |     89 |      0 |    840 |   2 |  551.5 |
               +--------+--------+--------+--------+--------+-----+--------+

Top non-repeatable levels by time:
     D:1: 796 daAuts
     D:2: 306 daAuts

Table legend:
 A = Kills in this place as a percentage of kills in the entire game.
 B = Kills by you in this place as a percentage of kills by you in the entire game.
 C = Kills by friends in this place as a percentage of kills by friends in the entire game.
 D = Other kills in this place as a percentage of other kills in the entire game.
 E = Experience gained in this place as a percentage of experience gained in the entire game.
 F = Experience gained in this place divided by the number of levels of this place that you have seen.
                   A       B       C       D       E      F
               +-------+-------+-------+-------+-------+----------------------
         Total | 100.0 | 100.0 |   N/A |   N/A | 100.0 |  38.0
       Dungeon | 100.0 | 100.0 |   N/A |   N/A | 100.0 |  38.0
               +-------+-------+-------+-------+-------+----------------------
